 Dungeon Crawl Stone Soup version 0.29.1-1-gd02db6906a (webtiles) character file.

Game seed: 1252601365841852762

68 quakins the Cudgeller (level 4, -1/34 (35) HPs)
             Began as a Formicid Abyssal Knight on Oct 20, 2022.
             Was a Believer of Lugonu.
             Slain by an orc
             ... wielding a +0 whip
              (3 damage)
             ... on level 2 of the Dungeon.
             The game lasted 00:03:13 (2250 turns).

quakins the Cudgeller (Formicid Abyssal Knight)     Turns: 2250, Time: 00:03:14

HP:   -1/34 (35)    AC:  3    Str: 20    XL:     4   Next: 41%
MP:   4/5           EV: 11    Int:  9    God:    Lugonu [**....]
Gold: 99            SH:  0    Dex: 14    Spells: 3/3 levels left

rFire   . . .      SeeInvis +   o - +4 whip
rCold   . . .      Faith    .   (no shield)
rNeg    . . .      Spirit   .   b - +0 leather armour
rPois   .          Reflect  .   (helmet unavailable)
rElec   .          Harm     .   (no cloak)
rCorr   .          Rampage  .   (no gloves)
Will    .....                   (no boots)
Stlth   +.........              (no amulet)
HPRegen 0.11/turn               (no ring)
MPRegen 0.09/turn               (no ring)

@: lightly drained
A: permanent stasis, dig shafts and tunnels, antennae 3, four strong arms
a: Dig, Shaft Self, Renounce Religion, Depart the Abyss, Bend Space


You were on level 2 of the Dungeon.
You worshipped Lugonu.
Lugonu was pleased with you.
You visited 1 branch of the dungeon, and saw 3 of its levels.
You visited the Abyss 1 time.

You collected 99 gold pieces.

Inventory:

Hand Weapons
 a - a +1 mace
 i - a +0 morningstar
 o - a +4 whip (weapon)
Missiles
 e - 6 poisoned darts
Armour
 b - a +0 leather armour (worn)
Scrolls
 c - 3 scrolls of identify {unknown}
 d - a scroll of enchant weapon {unknown}
 g - 2 scrolls of poison {unknown}
 j - a scroll of teleportation {unknown}
 l - a scroll of immolation {unknown}
 n - a scroll of silence {unknown}
Potions
 f - 2 potions of degeneration {unknown}
 h - a potion of lignification {unknown}
 k - a potion of flight {unknown}
 m - a potion of resistance {unknown}


   Skills:
 - Level 3.2 Fighting
 + Level 4.3 Maces & Flails
 - Level 2.1 Armour
 - Level 0.8 Dodging
 - Level 2.1 Invocations


You had 3 spell levels left.
You didn't know any spells.
Your spell library contained the following spells:

 Spells                   Type           Power      Damage    Failure   Level
 Necrotise                Necr           0%         1d4       43%         1
 Confusing Touch          Hex            0%         N/A       80%         3
 Vampiric Draining        Necr           0%         2d6       80%         3
 Agony                    Necr           0%         N/A       100%        5
 Yara's Violent Unravell  Hex/Tmut       0%         3d3       100%        5
 Enfeeble                 Hex            0%         N/A       100%        7


Dungeon Overview and Level Annotations

Branches:
Dungeon (3/15)

Altars:

Shops:
D:2 !


Innate Abilities, Weirdness & Mutations

You cannot be hasted, slowed, berserked, paralysed or teleported.
You can dig through walls and to a lower floor.
You have a pair of large antennae on your head. (SInv)
Your four strong arms can wield two-handed weapons with a shield.


Message History

You climb downwards.
The orc barely misses you. The orc hits you with a +0 whip.
The orc hits you with a +0 short sword. The orc hits you with a +0 whip.
The orc hits you with a +0 mace.
There is a stone staircase leading up, spattered with blood here.
The bat barely misses you. x2; The orc misses you.
The orc hits you with a +0 mace. The orc hits you with a +0 short sword.
You climb upwards.
There is a stone staircase leading down here.
You hit the orc.
The orc is lightly wounded.
The bat hits you but does no damage. The orc closely misses you.
The orc hits you with a +0 whip. The orc barely misses you.
You barely miss the orc.
The orc is lightly wounded.
The bat hits you. The orc hits you with a +0 short sword.
The orc hits you with a +0 mace.
* * * LOW HITPOINT WARNING * * *
The orc hits you with a +0 whip.
* * * LOW HITPOINT WARNING * * *
The bat barely misses you. Space bends violently around you!
You blink.
The orc hits you with a +0 whip.
* * * LOW HITPOINT WARNING * * *
You don't have enough health at the moment.
Okay, then.
The bat misses you.
You extend your mandibles.
You dig through the rock wall.
You feel drained. The orc attacks as you move away! The orc misses you.
The bat hits you.
* * * LOW HITPOINT WARNING * * *
The bat closely misses you.
You retract your mandibles.
The bat barely misses you.
You closely miss the bat. The bat hits you but does no damage. x2
You completely miss the bat. The bat barely misses you. x2
You hit the bat.
You kill the bat!
Lugonu accepts your kill.
You hit the orc.
The orc is severely wounded.
The orc hits you with a +0 whip.
You die...

## #.# #....#.#...### .###.#
#..###.###...# ..##.#
##.#.....#.#.# #.##.#
#.#######.#.# ##.#.#
#.~≈≈≈≈≈~.#.#
~....####.#######.#.#
..##...##.#.....#.#.#
..##'#+##.###.###.#.########
..#...>.....#.#.@.......)..#
..#.....##..#.#o...#######.###
.....)...#....o.#### #.†.#
~[.#####...##o### ###.# ####
##......# #######.# ...#
#......# #.......#
...######.†[...# #.#######
...'...<..>##### #.#
...######### #.#


You could see 3 orcs.

Vanquished Creatures
  3 adders (D:2)
  A worm (D:2)
  A dart slug (D:2)
  2 orcs (D:2)
  2 endoplasms
  4 goblins
  5 hobgoblins
  5 kobolds
  4 ball pythons (D:1)
  3 bats
  A frilled lizard (D:2)
  2 rats (D:1)
33 creatures vanquished.

Notes
Turn   | Place    | Note
-------+----------+-------------------------------------------
     0 | Abyss:1  | quakins the Formicid Abyssal Knight began the quest for the
                  | Orb.
     0 | Abyss:1  | Reached XP level 1. HP: 18/18 MP: 2/2
     1 | D:1      | Escaped the Abyss
   263 | D:1      | Found a faded altar of an unknown god.
   444 | D:1      | Reached XP level 2. HP: 22/24 MP: 3/3
   707 | D:1      | Reached skill level 3 in Maces & Flails
  1214 | D:2      | Reached XP level 3. HP: 29/29 MP: 4/4
  1383 | D:2      | Found Zovopnohegg's Distillery.
  1613 | D:2      | Identified the +3 ring mail of Yredelemnul {Str+3}
  1664 | D:2      | Reached skill level 4 in Maces & Flails
  1664 | D:2      | Reached XP level 4. HP: 35/35 MP: 5/5
  2243 | D:2      | HP: 1/34 [bat (1)]
  2250 | D:2      | Slain by an orc

Illustrated notes

Levels and vault maps discovered:
D:1:      minmay_arrival_four_houses, layout_loops_ring, basic_ecumenical_altar
D:2:      layout_basic, serial_shops, nicolae_shop_stone, kennysheep_nub,
          grunt_decor_cap
D:3:      layout_rooms, lightli_corner_chamber, uniq_natasha

Skill      XL: |  1  2  3 |
---------------+----------+-----
Maces & Flails | 3 4 |  4.3
Fighting       | |  3.2
Armour         | |  2.1
Dodging        | |  0.8
Invocations    | |  2.1

Action                   |  1- 3 |  4- 6 || total
-------------------------+-------+-------++-------
Melee: Mace              |    43 |       ||    43
       Morningstar       |    38 |    18 ||    56
       Punch             |     1 |       ||     1
       Whip              |       |     6 ||     6
Invok: Bend Space        |       |     1 ||     1
 Abil: Dig               |       |     1 ||     1
 Stab: Sleeping          |     2 |       ||     2
Armor: Leather armour    |    22 |     7 ||    29
Dodge: Dodged            |    49 |    31 ||    80
